 Dungeon Crawl Stone Soup version 0.29.0-4-gdea44cf6ec (webtiles) character file.

Game seed: 12868746927338524718

2 qw the Trooper (level 1, -2/18 HPs)
             Began as a Barachi Chaos Knight on Sept 4, 2022.
             Killed from afar by a smoke demon (8 damage)
             ... with a sticky flame
             ... summoned by Xom
             ... on level 1 of the Dungeon.
             The game lasted 00:00:02 (186 turns).

qw the Trooper (Barachi Chaos Knight)                Turns: 186, Time: 00:00:03

Health: -2/18      AC:  5    Str: 13    XL:     1   Next: 30%
Magic:  1/1        EV: 11    Int: 12    God:
Gold:   4          SH:  0    Dex: 11    Spells: 0/0 levels left

rFire   . . .      SeeInvis .   a - +0 hand axe (chaos)
rCold   . . .      Faith    .   (no shield)
rNeg    . . .      Spirit   .   b - +2 leather armour
rPois   .          Reflect  .   (no helmet)
rElec   .          Harm     .   (no cloak)
rCorr   .          Rampage  .   (no gloves)
Will    .....                   (no boots)
Stlth   +.........              (no amulet)
HPRegen 0.06/turn               (no ring)
MPRegen 0.07/turn               (no ring)

@: on fire, slowed, glowing, very slow
A: amphibious, slowness 1, strong legs 1, +LOS
a: Hop


You were on level 1 of the Dungeon.
You visited 1 branch of the dungeon, and saw 1 of its levels.

You collected 4 gold pieces.


Innate Abilities, Weirdness & Mutations

You are amphibious.
You cover ground slowly.
You can hop short distances.
You have an extended range of vision and can be seen from far away.


   Skills:
 - Level 3.6 Fighting
 + Level 3.4 Axes
 - Level 2.4 Armour
 - Level 1.1 Dodging


You couldn't memorise any spells.
You didn't know any spells.
Your spell library was empty.

Inventory:

Hand Weapons
 a - a +0 hand axe of chaos (weapon)
 d - a +0 mace
Armour
 b - a +2 leather armour (worn)
Miscellaneous
 c - a piece from Xom's chessboard (15/15)

Dungeon Overview and Level Annotations

Branches:
Dungeon (1/15)

Altars:


Message History

Found 4 stones.
Enter note: A rat comes into view.
Enter note:
Enter note: You hit the rat.
You burn the rat.
You kill the rat!
You hear Xom's maniacal laughter.
The divine experience drains your vigour!
You feel yourself slow down.
A smoke demon comes into view.
You hit the crimson imp but do no damage.
The crimson imp flickers and vanishes!
Deactivating autopickup; reactivate with Ctrl-A.
You hit the shadow imp.
You hit the shadow imp but do no damage.
The shadow imp flickers and vanishes!
You closely miss something. Something hits you.
Something hits you but does no damage.
You hit the smoke demon.
The smoke demon is lightly wounded.
You barely miss something. You miss something.
The smoke demon blinks!
Something hits you.
Something hits you but does no damage. x2; Something hits you.
You hit the smoke demon but do no damage.
The smoke demon is lightly wounded.
You closely miss something. You hit something but do no damage.
The smoke demon hits you. x2; The smoke demon completely misses you.
Something hits you. Something hits you but does no damage.
Something tries to affect you, but you resist.
Something hits you. The smoke demon closely misses you.
The smoke demon hits you but does no damage.
The smoke demon barely misses you.
You hit the smoke demon.
Lightning courses through the smoke demon!
The smoke demon is heavily wounded.
You barely miss something. x2
The smoke demon gestures at you. The sticky flame hits you!
You are covered in liquid flames!
You die...

....##.# #.# ####....
......# #.# ##... .....#
#.# ###. #....# #.# ####.
#....# #.# #.... #....#
#.# #.... #....# #.#
#.... #####..{{###.#
#....
!...!..3@....########....
#####....####............
#....##..............
#######..............
#........(.....
#.....#####.... #.....#
#.#.. #.....# #.#.#
#.....# #.#.#


You could see a smoke demon (summoned).

Vanquished Creatures
  A hobgoblin (D:1)
  A rat (D:1)
2 creatures vanquished.

Notes
Turn   | Place    | Note
-------+----------+-------------------------------------------
     0 | D:1      | qw the Barachi Chaos Knight began the quest for the Orb.
     0 | D:1      | Reached XP level 1. HP: 18/18 MP: 1/1
     0 | D:1      | 0 ||| qw: Version: 0.1-a-103-gd6f5d3a
     0 | D:1      | 0 ||| qw: Game counter: 5432
     0 | D:1      | 0 ||| qw: Always use a shield: true
     0 | D:1      | 0 ||| qw: God list: Okawaru
     0 | D:1      | 0 ||| qw: Allow faded altars: false
     0 | D:1      | 0 ||| qw: Do Orc after D:15 true
     0 | D:1      | 0 ||| qw: Do second Lair branch before Depths: true
     0 | D:1      | 0 ||| qw: Lair rune preference: random
     0 | D:1      | 0 ||| qw: Plans: Normal
     0 | D:1      | 0 ||| PLANNING D:1-11
     0 | D:1      | Fell from the grace of Xom
   181 | D:1      | XOM: summons 3 hostile demons
   182 | D:1      | Noticed a smoke demon
   182 | D:1      | Noticed a crimson imp
   186 | D:1      | Killed from afar by a smoke demon

Levels and vault maps discovered:
D:1:      dpeg_arrival_yet_another_circle, layout_basic

Action                   || total
-------------------------++-------
Melee: Hand axe          ||    10
Invok: Renounce Religion ||     1
Armor: Leather armour    ||     5
Dodge: Dodged            ||     3

Table legend:
 A = Non-vault XP
 B = Vault XP
 C = Vault XP percentage of total XP
 D = Non-vault monster count
 E = Vault monster count
 F = Vault count percentage of total count
                 A         B        C        D         E       F
            +---------+---------+-------+---------+---------+-------
      Total |       3 |       0 |   0.0 |       2 |       0 |   0.0
            +---------+---------+-------+---------+---------+-------
        D:1 |       3 |       0 |   0.0 |       2 |       0 |   0.0
            +---------+---------+-------+---------+---------+-------
